 Dungeon Sprint DCSS version 0.27-a0-808-g60bc5d92e6 (webtiles) character file.

Game seed: 9307921907710743293

18340 mhtbhm the Cutthroat (level 12, -20/89 (92) HPs)
             Began as a Kobold Berserker on Mar 28, 2021.
             Was the Champion of Trog.
             Killed from afar by a lich (37 damage)
             ... with a bolt of cold
             ... in the Dungeon (Sprint IX: "|||||||||||||||||||||||||||||").
             The game lasted 00:05:41 (2945 turns).

mhtbhm the Cutthroat (Kobold Berserker)             Turns: 2945, Time: 00:05:42

HP:   -20/89 (92)   AC: 20    Str: 21    XL:     12   Next: 93%
MP:   12/12         EV: 18    Int:  9    God:    Trog [******]
Gold: 1130          SH:  0    Dex: 18    Spells: 11/11 levels left

rFire    . . .     SeeInvis .   a - +6 quick blade (vorpal)
rCold    . . .     Faith    .   (shield restricted)
rNeg     . . .     Spirit   .   b - +0 storm dragon scales
rPois    .         Reflect  .   (no helmet)
rElec    +         Harm     .   t - +0 cloak
rCorr    .         Rampage  .   u - +0 pair of gloves
Will     .....     NoTele   +   k - +0 pair of boots
Stlth    ++........             (no amulet)
HPRegen  0.24/turn              l - +3 ring of dexterity
MPRegen  0.13/turn              m - +3 ring of strength

@: berserk cooldown, slowed, lightly drained, very slow
A: small, no large weapons, nightstalker 3
a: Renounce Religion, Berserk, Trog's Hand, Brothers in Arms


You were in the Dungeon.
You worshipped Trog.
Trog was exalted by your worship.
You visited 1 branch You collected 1920 gold pieces.
You spent 790 gold pieces at shops.

Inventory:

Hand Weapons
 a - a +6 vorpal quick blade (weapon)
Missiles
 z - 20 poisoned darts
Armour
 b - +0 storm dragon scales (worn)
 k - a +0 pair of boots (worn)
 t - a +0 cloak (worn)
 u - a +0 pair of gloves (worn)
 E - the +18 shield of the Gong {rElec rN+ Will+ EV-5}
   (You found it in the Dungeon)

   It affects your evasion (-5).
   It insulates you from electricity.
   It protects you from negative energy.
   It affects your willpower, your defense against some magical effects.
Jewellery
 l - a +3 ring of dexterity (left hand)
 m - a +3 ring of strength (right hand)
 s - a ring of ice
 A - a ring of protection from fire
 B - a ring of protection from fire
 C - a ring of fire
 D - a ring of protection from fire
Wands
 j - a wand of iceblast (9)
 v - a wand of digging (3)
Scrolls
 o - 3 scrolls of fog
 p - 6 scrolls of enchant weapon
 q - 3 scrolls of fear
 r - 2 scrolls of enchant armour
 w - a scroll of holy word
 x - 5 scrolls of identify
 y - a scroll of immolation
Potions
 c - 7 potions of curing
 d - 7 potions of heal wounds
 e - 3 potions of haste
 f - 4 potions of magic
 g - 3 potions of berserk rage
 i - a potion of invisibility
 n - a potion of mutation
 F - a potion of might


   Skills:
 + Level 18.2 Fighting
 + Level 21.9 Short Blades
 + Level 12.5 Armour
 + Level 13.2 Dodging
 + Level 8.9 Stealth


You had 11 spell levels left.
You didn't know any spells.
Your spell library was empty.

Dungeon Overview and Level Annotations

Branches:
Dungeon (1/1)

Altars:
Cheibriados
Dithmenos
Elyvilon
Fedhas
Gozag
Hepliaklqana
Kikubaaqudgha
Makhleb
Nemelex Xobeh
Okawaru
Qazlal
Ru
Sif Muna
Trog
Uskayaw
Vehumet
Wu Jian
Xom
Yredelemnul
Zin
The Shining One
Beogh
Jiyva
Lugonu

Shops:
D (**(


Innate Abilities, Weirdness & Mutations

You are small and have problems with some larger weapons.
You are completely attuned to the shadows.


Message History

You puncture something!
You hear some strange, mumbled words.
A bolt of cold appears from out of thin air!
The bolt of cold hits you!!
* * * LOW HITPOINT WARNING * * *
You puncture something!
Unknown command.
Blink to where?
Press: ? - help, Dir - move target, p - fire giant
As you read the scroll of blinking, it crumbles to dust.
Something conjures a glowing orb.
An orb of destruction comes into view.
Unknown command.
Blink to where?
Press: ? - help, Dir - move target
As you read the scroll of blinking, it crumbles to dust.
You see here a boulder beetle corpse.
You close the door.
Something unseen opens the door.
You feel much better.
Something touches you but does no damage.
Unknown command.
You feel much better.
Something touches you but does no damage. x2
Unknown command.
You hit something. Something touches you.
You closely miss something. You hit something.
Something conjures a glowing orb.
The wavering orb of destruction weakly hits you!!
* * * LOW HITPOINT WARNING * * *
You miss something. Something touches you.
* * * LOW HITPOINT WARNING * * *
You hit something.
Something touches you but does no damage.
You closely miss something. You closely miss something.
You hear some strange, mumbled words.
A bolt of cold appears from out of thin air!
The bolt of cold hits you!!!
You die...

▓.▓.▓.▓†▓.▓.▓{▓
▓[▓.▓.▓)▓∩▓.▓*▓
▓[▓.▓†▓.▓.▓.▓.▓
▓.▓.▓.▓†▓∩▓.▓.▓
▓.▓.▓.▓.▓)▓.▓.▓
▓)▓.▓.▓.▓)▓.▓Q▓
▓?▓.▓†▓.▓)▓.▓C▓
▓.▓.▓†▓.▓)▓.▓{▓
▓'▓.▓†▓.▓)▓.▓@▓
▓_▓.▓)▓.▓)▓.▓.▓
▓_▓.▓.▓.▓)▓.▓.▓
▓_▓.▓.▓.▓.▓)▓.▓
▓_▓.▓.▓.▓.▓.▓.▓
▓_▓.▓.▓.▓.▓.▓.▓
▓_▓.▓†▓.▓.▓.▓.▓
▓_▓.▓†▓.▓.▓.▓.▓
▓_▓.▓.▓.▓.▓.▓.▓


You could see a fire giant and a tengu warrior.

Vanquished Creatures
  A very ugly thing (D)
  Josephine (D)
  A hydra (D)
  A boulder beetle (D)
  An ogre mage (D)
  2 centaur warriors (D)
  A deep troll shaman (D)
  A flayed ghost (D)
  2 ugly things (D)
  3 orc knights (D)
  2 orc sorcerers (D)
  A cyclops (D)
  A manticore (D)
  2 black mambas (D)
  3 cane toads (D)
  A kobold demonologist (D)
  A komodo dragon (D)
  A freezing wraith (D)
  A polar bear (D)
  A vampire (D)
  5 wraiths (D)
  4 yaks (D)
  A basilisk (D)
  A fire bat (shapeshifter) (D)
  Grum (D)
  A vampire mosquito (D)
  4 wargs (D)
  2 water moccasins (D)
  7 orc warriors (D)
  A hell hound (D)
  An ice beast (D)
  8 wolves (D)
  An ogre (D)
  A centaur (D)
  4 bullfrogs (D)
  A scorpion (D)
  A howler monkey (D)
  5 orc priests (D)
  2 orc wizards (D)
  2 ufetubi (D)
  16 orcs (D)
  A bat zombie (D)
  3 goblins (D)
  A kobold (D)
  A quokka (D)
  A quokka zombie (D)
104 creatures vanquished.

Vanquished Creatures (collateral kills)
  A stone giant (D)
  A boulder beetle (D)
  An orc knight (D)
  An orc warrior (D)
  An orc priest (D)
5 creatures vanquished.

Grand Total: 109 creatures vanquished

Notes
Turn   | Place    | Note
-------+----------+-------------------------------------------
     0 | D        | mhtbhm the Kobold Berserker began the quest for the Orb.
     0 | D        | Reached XP level 1. HP: 14/14 MP: 1/1
    12 | D        | Reached ** piety under Trog
    14 | D        | Reached skill level 5 in Short Blades
    15 | D        | Reached XP level 2. HP: 20/20 MP: 2/2
    71 | D        | Noticed an ogre
    77 | D        | Killed an ogre
    78 | D        | Reached skill level 8 in Short Blades
    78 | D        | Reached XP level 3. HP: 9/28 MP: 3/3
    78 | D        | Reached XP level 4. HP: 10/32 MP: 4/4
    78 | D        | Reached *** piety under Trog
   312 | D        | Noticed an ice beast
   323 | D        | Killed an ice beast
   324 | D        | Reached skill level 9 in Short Blades
   324 | D        | Reached XP level 5. HP: 40/40 MP: 5/5
   325 | D        | Reached XP level 6. HP: 45/45 MP: 6/6
   328 | D        | Reached **** piety under Trog
   362 | D        | Found a snail-covered altar of Cheibriados.
   362 | D        | Found a shadowy altar of Dithmenos.
   363 | D        | Found a white marble altar of Elyvilon.
   364 | D        | Found a blossoming altar of Fedhas.
   365 | D        | Found an opulent altar of Gozag.
   366 | D        | Found a hazy altar of Hepliaklqana.
   367 | D        | Found a viscous altar of Jiyva.
   368 | D        | Found an ancient bone altar of Kikubaaqudgha.
   369 | D        | Found a corrupted altar of Lugonu.
   370 | D        | Found a burning altar of Makhleb.
   371 | D        | Found a sparkling altar of Nemelex Xobeh.
   372 | D        | Found an iron altar of Okawaru.
   373 | D        | Found a stormy altar of Qazlal.
   374 | D        | Found a sacrificial altar of Ru.
   375 | D        | Found a shimmering blue altar of Sif Muna.
   376 | D        | Found a bloodstained altar of Trog.
   377 | D        | Found a hide-covered altar of Uskayaw.
   378 | D        | Found a radiant altar of Vehumet.
   379 | D        | Found an ornate altar of the Wu Jian Council.
   380 | D        | Found a shimmering altar of Xom.
   381 | D        | Found a basalt altar of Yredelemnul.
   382 | D        | Found a glowing silver altar of Zin.
   383 | D        | Found a glowing golden altar of the Shining One.
   427 | D        | Noticed a vampire
   427 | D        | Noticed a yak
   436 | D        | Killed a yak
   437 | D        | Reached skill level 11 in Short Blades
   437 | D        | Reached skill level 5 in Dodging
   437 | D        | Noticed a kobold demonologist
   450 | D        | Killed a vampire
   451 | D        | Reached skill level 10 in Fighting
   451 | D        | Reached skill level 12 in Short Blades
   451 | D        | Reached skill level 1 in Stealth
   451 | D        | Reached XP level 7. HP: 42/53 MP: 7/7
   451 | D        | Noticed a chaos spawn
   454 | D        | Noticed a vampire mosquito
   456 | D        | Killed a kobold demonologist
   456 | D        | Reached ***** piety under Trog
   457 | D        | Reached skill level 13 in Short Blades
   457 | D        | Reached XP level 8. HP: 31/60 MP: 8/8
   460 | D        | Reached skill level 14 in Short Blades
   615 | D        | Noticed a basilisk
   615 | D        | Noticed a seven-headed hydra
   615 | D        | Noticed a rime drake
   707 | D        | Noticed a fire bat
   710 | D        | Noticed a centaur warrior
   711 | D        | Killed a fire bat
   720 | D        | Killed a seven-headed hydra
   721 | D        | Reached skill level 15 in Short Blades
   721 | D        | Reached skill level 5 in Armour
   721 | D        | Reached XP level 9. HP: 17/68 MP: 9/9
   983 | D        | Received a gift from Trog
   986 | D        | Noticed a green ugly thing
   988 | D        | Killed a centaur warrior
   989 | D        | Reached skill level 16 in Short Blades
   999 | D        | Killed a green ugly thing
  1000 | D        | Reached skill level 17 in Short Blades
  1000 | D        | Reached XP level 10. HP: 76/76 MP: 10/10
  1171 | D        | Noticed a cane toad
  1172 | D        | Noticed a black mamba
  1184 | D        | Killed a cane toad
  1188 | D        | Noticed a cane toad
  1190 | D        | Killed a black mamba
  1198 | D        | Killed a cane toad
  1199 | D        | Reached skill level 10 in Dodging
  1199 | D        | Noticed a cane toad
  1199 | D        | Noticed a black mamba
  1204 | D        | Received a gift from Trog
  1205 | D        | Reached skill level 18 in Short Blades
  1209 | D        | Killed a cane toad
  1210 | D        | Reached skill level 15 in Fighting
  1212 | D        | Killed a black mamba
  1278 | D        | Reached ****** piety under Trog
  1281 | D        | Received a gift from Trog
  1282 | D        | Noticed a komodo dragon
  1294 | D        | Killed a komodo dragon
  1295 | D        | Reached XP level 11. HP: 82/82 MP: 11/11
  1303 | D        | Reached skill level 19 in Short Blades
  1365 | D        | Received a gift from Trog
  1509 | D        | Noticed Grum
  1518 | D        | Killed Grum
  1522 | D        | Received a gift from Trog
  1718 | D        | Received a gift from Trog
  1831 | D        | Identified the +11 dagger of Trog {vorpal, Dex+4} (Trog
                  | gifted it to you in the Dungeon)
  1831 | D        | Received a gift from Trog
  1890 | D        | Received a gift from Trog
  1893 | D        | Noticed an orc knight
  1910 | D        | Killed an orc knight
  1911 | D        | Reached skill level 10 in Armour
  2235 | D        | Noticed an orc sorcerer
  2235 | D        | Noticed an orc knight
  2244 | D        | Killed an orc knight
  2245 | D        | Reached skill level 20 in Short Blades
  2253 | D        | Paralysed by an orc sorcerer for 4 turns
  2260 | D        | Killed an orc sorcerer
  2260 | D        | Received a gift from Trog
  2261 | D        | Found Kyefasse's Weapon Boutique.
  2266 | D        | Found Kicodgh's Assorted Antiques.
  2362 | D        | Found Xugotu's General Store.
  2364 | D        | Found Ywubuo's Weapon Shop.
  2365 | D        | Noticed an orc knight
  2367 | D        | Noticed an orc knight
  2369 | D        | Killed an orc knight
  2370 | D        | Noticed an orc sorcerer
  2387 | D        | Killed an orc knight
  2387 | D        | Received a gift from Trog
  2388 | D        | Reached skill level 5 in Stealth
  2394 | D        | Killed an orc sorcerer
  2432 | D        | Bought a scroll of holy word for 90 gold pieces
  2434 | D        | Bought a scroll labelled DUSELO NIAVURU for 28 gold pieces
  2434 | D        | Bought a potion of haste for 280 gold pieces
  2434 | D        | Bought a scroll of fog for 56 gold pieces
  2434 | D        | Bought a scroll labelled YPNUAFOTWU for 28 gold pieces
  2434 | D        | Bought a scroll labelled DUSELO NIAVURU for 28 gold pieces
  2434 | D        | Bought a potion of curing for 84 gold pieces
  2434 | D        | Bought a scroll labelled DUSELO NIAVURU for 28 gold pieces
  2442 | D        | Bought a scroll of identify for 24 gold pieces
  2442 | D        | Bought a scroll of identify for 24 gold pieces
  2442 | D        | Bought a scroll of identify for 24 gold pieces
  2442 | D        | Bought 20 poisoned darts for 96 gold pieces
  2558 | D        | Noticed Josephine
  2572 | D        | Reached XP level 12. HP: 89/90 MP: 12/12
  2579 | D        | Killed Josephine
  2589 | D        | Received a gift from Trog
  2708 | D        | Found the +18 shield of the Gong {rElec rN+ Will+ EV-5}
  2763 | D        | Noticed a boulder beetle
  2763 | D        | Noticed a centaur warrior
  2769 | D        | Noticed an ogre mage
  2776 | D        | Killed a boulder beetle
  2777 | D        | Reached skill level 21 in Short Blades
  2781 | D        | Killed a centaur warrior
  2794 | D        | Killed an ogre mage
  2794 | D        | Received a gift from Trog
  2866 | D        | Noticed a boulder beetle
  2879 | D        | Noticed a brown very ugly thing
  2884 | D        | Noticed a deep troll shaman
  2901 | D        | Killed a brown very ugly thing
  2904 | D        | Noticed a flayed ghost
  2907 | D        | Killed a deep troll shaman
  2908 | D        | Noticed a stone giant
  2908 | D        | Noticed a lich
  2911 | D        | Noticed a tengu warrior
  2913 | D        | Noticed a fire giant
  2918 | D        | Killed a boulder beetle
  2921 | D        | Killed a flayed ghost
  2921 | D        | Received a gift from Trog
  2923 | D        | Killed a stone giant
  2945 | D        | Killed from afar by a lich

Illustrated notes

Levels and vault maps discovered:
D:        linesprint [early_d, line_temple, items_1, d_10, items_2, lair_1,
          lair_end, items_3, orc_1, orc_end, items_4, d_15, swamp_1, shoals_1,
          snake_1, spider_1, d_20, vaults_1, items_5, swamp_end, shoals_end,
          snake_end, spider_end, vaults_end, d_27, items_6, zot_1, zot_end,
          crypt_end, forest_end, elf_end, slime_end, tomb_end, abyss_end,
          pan_hell_end]

Skill      XL: |  1  2  3  4  5  6  7  8  9 10 11 12 |
---------------+-------------------------------------+-----
Fighting       | 4 6 8 10 11 13 14 15 16 18 | 18.2
Short Blades   | 5 8 9 12 13 15 17 18 20 21 | 21.9
Armour         | 2 3 4 5 7 8 10 12 | 12.5
Dodging        | 4 6 8 9 10 12 13 | 13.2
Stealth        | 1 2 3 5 8 |  8.9

Action                   |  1- 3 |  4- 6 |  7- 9 | 10-12 || total
-------------------------+-------+-------+-------+-------++-------
Melee: Short sword       |    12 |    14 |       |       ||    26
       Rapier            |       |    21 |    48 |    35 ||   104
       Quick blade       |       |       |       |   344 ||   344
Invok: Berserk           |     2 |     2 |     2 |    11 ||    17
       Brothers in Arms  |       |       |       |     2 ||     2
Evoke: Wand              |       |       |       |     1 ||     1
  Use: Scroll            |       |       |       |     3 ||     3
       Potion            |       |       |       |     2 ||     2
 Stab: Sleeping          |       |       |       |     4 ||     4
Armor: Animal skin       |     3 |       |       |       ||     3
       Scale mail        |       |     5 |    18 |    29 ||    52
       Storm dragon scal |       |       |       |    11 ||    11
Dodge: Dodged            |     2 |    11 |    26 |    90 ||   129

Table legend: (Time is in decaauts)
 A = Elapsed time spent in this place.
 B = Non-inter-level travel time spent in this place.
 C = Inter-level travel time spent in this place.
 D = Time resting spent in this place.
 E = Time spent auto-exploring this place.
 F = Levels seen in this place.
 G = Mean time per level.
                   A        B        C        D        E       F      G
               +--------+--------+--------+--------+--------+-----+--------+
         Total |   2788 |   2788 |      0 |   1697 |    322 |   1 | 2788.0 |
       Dungeon |   2788 |   2788 |      0 |   1697 |    322 |   1 | 2788.0 |
               +--------+--------+--------+--------+--------+-----+--------+

Top non-repeatable levels by time:
       D: 2788 daAuts
